 Dungeon Crawl Stone Soup version 0.29.1-15-g9cfb28693d (webtiles) character file.

Game seed: 5261510757019106443

60 Sanktem7 the Trooper (level 3, 0/34 HPs)
             Began as a Minotaur Fighter on Mar 9, 2023.
             Succumbed to Sigmund's poison
             ... on level 2 of the Dungeon.
             The game lasted 00:01:23 (1123 turns).

Sanktem7 the Trooper (Minotaur Fighter)             Turns: 1123, Time: 00:01:23

Health: 0/34       AC:  9    Str: 22    XL:     3   Next: 82%
Magic:  2/2        EV:  7    Int:  5    God:
Gold:   37         SH:  4    Dex:  9    Spells: 2/2 levels left

rFire   . . .      SeeInvis .   a - +0 war axe {axe}
rCold   . . .      Faith    .   c - +0 buckler
rNeg    . . .      Spirit   .   l - +0 chain mail
rPois   .          Reflect  .   (helmet restricted)
rElec   .          Harm     .   (no cloak)
rCorr   .          Rampage  .   (no gloves)
Will    .....                   (no boots)
Stlth   ..........              (no amulet)
HPRegen 0.11/turn               (no ring)
MPRegen 0.08/turn               (no ring)

@: lethally poisoned (0 -> -21)
A: horns 2, retaliatory headbutt
a: no special abilities


You were on level 2 of the Dungeon.
You visited 1 branch of the dungeon, and saw 2 of its levels.

You collected 37 gold pieces.


Innate Abilities, Weirdness & Mutations

You have a pair of horns on your head.
You reflexively headbutt those who attack you in melee.


   Skills:
 * Level 4.6 Fighting
 * Level 3.7 Axes
 + Level 4.1 Armour
 - Level 3.6 Shields


You had 2 spell levels left.
You didn't know any spells.
Your spell library contained the following spells:

 Spells                   Type           Power      Damage    Failure   Level
 Borgnjor's Revivificati  Necr           0%         N/A       100%        8
 Necromutation            Tmut/Necr      0%         N/A       100%        8
 Death's Door             Necr           0%         N/A       100%        9

Inventory:

Hand Weapons
 a - a +0 war axe (weapon) {axe}
Missiles
 h - 13 stones (quivered) {throwing}
Armour
 c - a +0 buckler (worn)
 l - a +0 chain mail (worn)
   (You found it on level 2 of the Dungeon)
Magical Staves
 j - a staff of air {!astaff}
   (You found it on level 2 of the Dungeon)
Scrolls
 e - a scroll of amnesia {unknown}
 f - a scroll of fear {unknown}
 i - a scroll of identify {unknown}
Potions
 d - 2 potions of might
 g - a potion of flight {unknown}
 k - a potion of haste {unknown}

Dungeon Overview and Level Annotations

Branches:
Dungeon (2/15) Zot: 10851

Altars:

Annotations:
D:2 Sigmund

#.#.# #.#
#.#.###.# ##.##
#..#.##.###...#
#.###..[.......
##.#.##.###...#
##.###)# #.##
#.###.## #.######.
#.##...###.....>..
#........@@.....#
#..#...###!####.#
#.......##.#
............#
#####.....##.#
##..$###.# ##.##
#.# #.# #.#


You could see Sigmund.


Message History

Key pressed, stopping explore.
You see here a +0 club {mace}.
Key pressed, stopping explore.
You see here a hobgoblin skeleton.
You see here a bat corpse.
A goblin comes into view. It is wielding a +0 dagger.
The goblin shouts!
The goblin barely misses you. You furiously retaliate!
You headbutt the goblin!
You kill the goblin!
No target in view!
No target in view!
No target in view!
No target in view!
You see here a +0 dagger {short}.
Key pressed, stopping explore.
Done exploring.
Done exploring.
Done exploring.
There is a stone staircase leading down here.
You climb downwards.
There is a stone staircase leading up here.
j - a staff of air {!astaff} A bat comes into view.
A bat is nearby!
The bat closely misses you. You furiously retaliate!
You headbutt the bat.
You kill the bat!
No target in view!
No target in view!
No target in view!
No target in view!
k - a glowing puce potion You now have 37 gold pieces (gained 17).
A kobold comes into view. It is wielding a +0 dagger.
The kobold shouts!
A kobold is nearby!
An adder comes into view.
You closely miss the kobold.
The adder hisses angrily.
You block the kobold's attack.
You closely miss the kobold. The kobold hits you but does no damage.
You closely miss the kobold. The kobold barely misses you.
The kobold hits you but does no damage. The adder completely misses you.
You barely miss the kobold. You hit the adder. You block the adder's attack.
You block the kobold's attack. The adder barely misses you.
You closely miss the kobold. You completely miss the adder.
The kobold misses you. You furiously retaliate!
You headbutt the kobold.
You kill the kobold!
The adder barely misses you.
Things that are here:
a +0 dagger {short}; a stone {throwing} You hit the adder.
Your headbutt misses the adder. The adder closely misses you.
The adder bites you. 😕 HP[-1]
You take 1 damage, and now have 33/34 hp.
You miss the adder. The adder closely misses you. The adder barely misses you.
You hit the adder but do no damage. You headbutt the adder.
You kill the adder! 😎 HP[+1]
Your hp is fully restored (34).
You see here a +0 chain mail.
l - a +0 chain mail You start removing your armour.
You continue taking off your +0 scale mail. x4
You finish taking off your +0 scale mail.
You start putting on your armour.
You continue putting on your +0 chain mail. x5
You finish putting on your +0 chain mail.
You drop a +0 scale mail.
h - 13 stones {throwing} (gained 1)
You see here a +0 dagger {short}.
Sigmund the Dreaded comes into view.
He is wielding a +2 scythe of venom.
Found a stone staircase leading down.
Sigmund shouts!
Sigmund says, "I'm your fate."
Sigmund points at you and mumbles some strange words.
The puff of flame hits you. 😕 HP[-2]
You take 2 damage, and now have 32/34 hp.
Sigmund hits you from afar with a +2 scythe of venom!
You are poisoned. 😮 HP[-9]
You take 9 damage, and now have 23/34 hp.
MASSIVE DAMAGE!! (PAUSE)
You feel very sick.
Sigmund hits you with a +2 scythe of venom.
* * * LOW HITPOINT WARNING * * *
You are more poisoned. 😨 HP[-9]
You take 9 damage, and now have 14/34 hp.
MASSIVE DAMAGE!! (PAUSE)
You slash Sigmund!
* * * LOW HITPOINT WARNING * * *
You feel extremely sick.
Sigmund points at you and mumbles some strange words.
You resist with significant effort. 😱 HP[-8]
You take 8 damage, and now have 6/34 hp.
MASSIVE DAMAGE!! (PAUSE)
You barely miss Sigmund.
You die...

Skill      XL: |  1  2  3 |
---------------+----------+-----
Fighting       | 4 |  4.6
Axes           | 3 |  3.7
Armour         | 4 |  4.1
Shields        | |  3.6

Action                   || total
-------------------------++-------
Melee: War axe           ||    69
       Headbutt          ||     9
Armor: Scale mail        ||    27
Dodge: Dodged            ||    48
Block: Buckler           ||    14

Levels and vault maps discovered:
D:1:      wander_arrival_estate, layout_basic, minmay_tromino_mix6
D:2:      layout_loops_ring, uniq_sigmund

Notes
Turn   | Place    | Note
-------+----------+-------------------------------------------
     0 | D:1      | Sanktem7 the Minotaur Fighter began the quest for the Orb.
     0 | D:1      | Reached XP level 1. HP: 19/19 MP: 0/0
     0 | D:1      | magus.rc [v1.9.6]
   323 | D:1      | Reached XP level 2. HP: 27/27 MP: 1/1
   425 | D:1      | Reached skill level 4 in Fighting
   439 | D:1      | Reached skill level 3 in Axes
   778 | D:1      | Reached XP level 3. HP: 33/33 MP: 2/2
   782 | D:1      | Reached skill level 4 in Armour
   835 | D:1      | You add the spells Borgnjor's Revivification, Necromutation
                  | and Death's Door to your library.
  1114 | D:2      | Noticed Sigmund
  1122 | D:2      | HP: 6/34 [poisoned by Sigmund]
  1123 | D:2      | Succumbed to Sigmund's poison

Vanquished Creatures
  A gnoll (D:1)
  An adder (D:2)
  A dart slug (D:1)
  2 ball pythons (D:1)
  2 endoplasms (D:1)
  4 goblins (D:1)
  4 hobgoblins (D:1)
  6 jackals (D:1)
  2 kobolds
  2 quokkas (D:1)
  6 bats
  3 frilled lizards (D:1)
  2 rats (D:1)
36 creatures vanquished.

Table legend:
 A = Non-vault XP
 B = Vault XP
 C = Vault XP percentage of total XP
 D = Non-vault monster count
 E = Vault monster count
 F = Vault count percentage of total count
                 A         B        C        D         E       F
            +---------+---------+-------+---------+---------+-------
      Total |      79 |       8 |   9.2 |      32 |       4 |  11.1
            +---------+---------+-------+---------+---------+-------
        D:1 |      64 |       8 |  11.1 |      29 |       4 |  12.1
        D:2 |      15 |       0 |   0.0 |       3 |       0 |   0.0
            +---------+---------+-------+---------+---------+-------

Illustrated notes

Table legend:
 A = Kills in this place as a percentage of kills in entire the game.
 B = Kills by you in this place as a percentage of kills by you in the entire game.
 C = Kills by friends in this place as a percentage of kills by friends in the entire game.
 D = Other kills in this place as a percentage of other kills in the entire game.
 E = Experience gained in this place as a percentage of experience gained in the entire game.
 F = Experience gained in this place divided by the number of levels of this place that you have seen.
                   A       B       C       D       E      F
               +-------+-------+-------+-------+-------+----------------------
         Total | 100.0 | 100.0 |   N/A |   N/A | 100.0 |  43.5
       Dungeon | 100.0 | 100.0 |   N/A |   N/A | 100.0 |  43.5
               +-------+-------+-------+-------+-------+----------------------

Table legend: (Time is in decaauts)
 A = Elapsed time spent in this place.
 B = Non-inter-level travel time spent in this place.
 C = Inter-level travel time spent in this place.
 D = Time resting spent in this place.
 E = Time spent auto-exploring this place.
 F = Levels seen in this place.
 G = Mean time per level.
                   A        B        C        D        E       F      G
               +--------+--------+--------+--------+--------+-----+--------+
         Total |   1148 |   1148 |      0 |      0 |    947 |   2 |  574.0 |
       Dungeon |   1148 |   1148 |      0 |      0 |    947 |   2 |  574.0 |
               +--------+--------+--------+--------+--------+-----+--------+

Top non-repeatable levels by time:
     D:1: 1081 daAuts
     D:2: 66 daAuts
